 Dungeon Crawl Stone Soup version 0.29.1-1-gd02db6906a (webtiles) character file.

Game seed: 15801496968401441777

7898 nonceun the Slicer (level 11, -19/95 HPs)
             Began as a Minotaur Berserker on Oct 4, 2022.
             Was a High Priest of Trog.
             Demolished by a two-headed ogre
             ... wielding a +0 giant club
              (37 damage)
             ... on level 10 of the Dungeon.
             The game lasted 00:36:20 (10666 turns).

nonceun the Slicer (Minotaur Berserker)            Turns: 10666, Time: 00:36:20

Health: -19/95     AC: 15    Str: 27    XL:     11   Next: 2%
Magic:  10/10      EV:  8    Int:  8    God:    Trog [*****.]
Gold:   688        SH:  0    Dex:  9    Spells: 10/10 levels left

rFire   . . .      SeeInvis .   a - +12 short sword "Oczuvvoi" {chaos, rN+ Int+4}
rCold   . . .      Faith    .   (no shield)
rNeg    + . .      Spirit   .   n - +0 plate armour
rPois   .          Reflect  .   (helmet restricted)
rElec   .          Harm     .   v - +0 cloak
rCorr   .          Rampage  .   x - +0 pair of gloves
Will    .....                   h - +0 pair of boots
Stlth   ..........              w - amulet of regeneration
HPRegen 1.05/turn               (no ring)
MPRegen 0.12/turn               (no ring)

@: no status effects
A: horns 2, retaliatory headbutt
a: Renounce Religion, Berserk, Trog's Hand, Brothers in Arms


You were on level 10 of the Dungeon.
You worshipped Trog.
Trog was extremely pleased with you.
You visited 1 branch of the dungeon, and saw 10 of its levels.

You collected 688 gold pieces.

Inventory:

Hand Weapons
 a - the +12 short sword "Oczuvvoi" (weapon) {chaos, rN+ Int+4}
   (You found it on level 3 of the Dungeon)

   Each time it hits an enemy it has a different, random effect.
   Int:       It affects your intelligence (+4).
   rN:        It protects you from negative energy.
 q - a +0 war axe
 C - a +0 flail of holy wrath
 H - a +5 vorpal battleaxe
Missiles
 y - a curare-tipped dart (quivered)
Armour
 h - a +0 pair of boots (worn)
 n - a +0 plate armour (worn)
 v - a +0 cloak (worn)
 x - a +0 pair of gloves (worn)
 E - a +2 ring mail of cold resistance
Jewellery
 d - an amulet of the acrobat
 w - an amulet of regeneration (around neck)
Wands
 b - a wand of iceblast (9)
 o - a wand of paralysis (3)
 D - a wand of flame (22)
Scrolls
 c - a scroll of noise {unknown}
 e - 2 scrolls of amnesia {unknown}
 f - a scroll of fear {unknown}
 j - 2 scrolls of blinking {unknown}
 l - 3 scrolls of immolation {unknown}
 p - 9 scrolls of identify {unknown}
 s - 2 scrolls of magic mapping {unknown}
 u - 4 scrolls of teleportation {unknown}
 F - a scroll of summoning {unknown}
Potions
 g - 2 potions of invisibility {unknown}
 i - 2 potions of haste {unknown}
 k - 2 potions of mutation {unknown}
 m - a potion of degeneration {unknown}
 r - 5 potions of curing
 t - 2 potions of brilliance {unknown}
 z - a potion of lignification {unknown}
 A - 2 potions of heal wounds {unknown}
 B - a potion of berserk rage {unknown}
 G - a potion of resistance {unknown}


   Skills:
 * Level 8.7 Fighting
 + Level 13.1 Short Blades
 + Level 11.5 Axes
 - Level 5.0 Armour
 * Level 2.8 Dodging


You had 10 spell levels left.
You didn't know any spells.
Your spell library contained the following spells:

 Spells                   Type           Power      Damage    Failure   Level
 Apportation              Tloc           0%         N/A       99%         1
 Blink                    Tloc           0%         N/A       100%        2
 Static Discharge         Conj/Air       0%         3-3/arc   100%        2
 Lesser Beckoning         Tloc           0%         N/A       100%        3
 Animate Dead             Necr           0%         N/A       100%        4
 Alistair's Intoxication  Tmut/Pois      0%         N/A       100%        5
 Lightning Bolt           Conj/Air       0%         1d11      100%        5
 Manifold Assault         Tloc           0%         N/A       100%        5
 Haunt                    Necr/Summ      0%         N/A       100%        7
 Infestation              Necr           0%         N/A       100%        8
 Maxwell's Capacitive Co  Air            0%         ∞         100%        8


Dungeon Overview and Level Annotations

Branches:
Dungeon (10/15)            Temple (0/1) D:7
   Lair: D:8-11         Orc: D:9-12

Altars:
Cheibriados
Elyvilon
Hepliaklqana
Qazlal
Zin

Annotations:
D:8 !death yak
D:9 !death yaks


Innate Abilities, Weirdness & Mutations

You have a pair of horns on your head.
You reflexively headbutt those who attack you in melee.


Message History

The two-headed ogre is moderately wounded.
The two-headed ogre hits you with a +0 giant club!
The two-headed ogre hits you but does no damage.
You barely miss the two-headed ogre.
The two-headed ogre is moderately wounded.
You barely miss the two-headed ogre.
The two-headed ogre is moderately wounded.
You puncture the two-headed ogre!
The two-headed ogre suddenly seems more agile.
You punch the two-headed ogre, but do no damage.
The two-headed ogre is heavily wounded.
The two-headed ogre hits you with a +0 giant club.
The two-headed ogre completely misses you.
You barely miss the two-headed ogre.
The two-headed ogre is heavily wounded.
You barely miss the two-headed ogre.
The two-headed ogre is heavily wounded.
You hit the two-headed ogre.
The two-headed ogre is poisoned.
The two-headed ogre is heavily wounded.
The two-headed ogre hits you with a +0 giant club!!
The two-headed ogre hits you with a +0 giant club!
You hit the two-headed ogre.
The two-headed ogre resists with almost no effort.
Your headbutt misses the two-headed ogre.
The two-headed ogre is heavily wounded.
You hit the two-headed ogre but do no damage.
Lightning courses through the two-headed ogre!
The two-headed ogre is severely wounded.
You hit the two-headed ogre.
The two-headed ogre goes berserk!
Your punch misses the two-headed ogre.
The two-headed ogre is severely wounded.
The two-headed ogre hits you with a +0 giant club!
* * * LOW HITPOINT WARNING * * *
The two-headed ogre hits you with a +0 giant club.
* * * LOW HITPOINT WARNING * * *
The two-headed ogre attacks as you move away!
The two-headed ogre hits you with a +0 giant club.
* * * LOW HITPOINT WARNING * * *
The two-headed ogre hits you with a +0 giant club!!!
You die...

8+8.... ..# .......
#..######.......
#...............
...###.#..#.###
#..##.#..# ######
#..##.#..#
##....#####.....#..#.#
#.....')..@O..#<#..#.####
#.....#######...#........
#.##### #)#)#..8≈≈≈≈≈ #.#
#.#.)..≈8≈≈≈≈ #)#
#.#.[..≈≈.'# #.#
#)###..≈≈.# #.#
#.[....≈≈## #.#
######......o #.# .S≈##o.


You could see a two-headed ogre (berserk, agile, very poisoned).

Vanquished Creatures
  Erica (D:10)
  A two-headed ogre (D:8)
  A death yak (D:8)
  A gargoyle (D:5)
  Psyche (D:8)
  A tarantella (shapeshifter) (D:4)
  Prince Ribbit (D:5)
  A wyvern (D:9)
  The ghost of mikeman1090 the Magician, an amateur SpCj of Hepliaklqana (D:5)
  A steam dragon (D:5)
  2 water moccasins
  Duvessa (D:5)
  An ice beast (D:7)
  An orc warrior (D:10)
  2 sky beasts (D:7)
  3 ogres
  A centaur (D:8)
  4 kobold brigands
  4 bullfrogs
  A gnoll sergeant (D:5)
  2 scorpions
  Dowan (D:5)
  3 wights (D:8)
  16 killer bees
  6 electric eels (D:6)
  A bullfrog zombie (D:5)
  6 hounds
  7 orc priests
  A centaur skeleton (D:5)
  2 gnoll boudas
  A bullfrog skeleton (D:5)
  11 iguanas
  8 orc wizards
  28 gnolls
  5 adders
  4 shadow imps
  A white imp (D:7)
  4 ufetubi
  A worm (D:4)
  3 dart slugs
  36 orcs
  8 endoplasms
  3 giant cockroaches
  6 hobgoblins
  41 kobolds
  3 quokkas
  4 ball pythons
  13 bats
  2 frilled lizards (D:1)
  4 goblins
  3 rats
264 creatures vanquished.

Vanquished Creatures (others)
  A two-headed ogre (D:8)
  A centaur (D:8)
  2 orcs (D:8)
4 creatures vanquished.

Grand Total: 268 creatures vanquished

Notes
Turn   | Place    | Note
-------+----------+-------------------------------------------
     0 | D:1      | nonceun the Minotaur Berserker began the quest for the Orb.
     0 | D:1      | Reached XP level 1. HP: 19/19 MP: 0/0
   693 | D:1      | Found a faded altar of an unknown god.
   707 | D:1      | Reached XP level 2. HP: 26/26 MP: 1/1
  1308 | D:2      | Reached skill level 5 in Axes
  1308 | D:2      | Reached XP level 3. HP: 28/31 MP: 2/2
  1804 | D:2      | Reached ** piety under Trog
  1824 | D:2      | Reached XP level 4. HP: 33/39 MP: 3/3
  2087 | D:2      | Reached XP level 5. HP: 11/45 MP: 4/4
  3239 | D:3      | Identified the +12 short sword "Oczuvvoi" {chaos, rN+
                  | Int+4}
  3469 | D:4      | Reached XP level 6. HP: 44/52 MP: 5/5
  3607 | D:4      | Reached skill level 1 in Short Blades
  3636 | D:4      | Noticed a shapeshifter
  3636 | D:4      | an ogre changed into a shapeshifter
  3636 | D:4      | Noticed a meliai
  3636 | D:4      | a shapeshifter changed into a meliai
  3638 | D:4      | Noticed a tarantella
  3638 | D:4      | a meliai changed into a tarantella
  3641 | D:4      | Killed a tarantella
  3642 | D:4      | Reached XP level 7. HP: 36/59 MP: 6/6
  3884 | D:4      | Reached skill level 2 in Short Blades
  4337 | D:4      | Found a white marble altar of Elyvilon.
  4418 | D:4      | Reached skill level 3 in Short Blades
  4455 | D:4      | Reached skill level 10 in Axes
  4751 | D:5      | Entered Level 5 of the Dungeon
  4751 | D:5      | Noticed mikeman1090's ghost (amateur SpCj)
  4751 | D:5      | Found a runed translucent gate.
  4751 | D:5      | Found a runed translucent gate.
  4751 | D:5      | Found a runed translucent gate.
  4767 | D:5      | Killed mikeman1090's ghost
  4768 | D:5      | Reached skill level 4 in Short Blades
  4768 | D:5      | Reached XP level 8. HP: 52/67 MP: 7/7
  4908 | D:5      | Reached *** piety under Trog
  4912 | D:5      | Reached skill level 5 in Fighting
  4922 | D:5      | Reached skill level 5 in Short Blades
  5235 | D:5      | Noticed Duvessa
  5245 | D:5      | Killed Duvessa
  5246 | D:5      | Reached skill level 6 in Short Blades
  5258 | D:5      | Noticed Dowan
  5263 | D:5      | Killed Dowan
  5264 | D:5      | Found a stormy altar of Qazlal.
  5448 | D:5      | Found a snail-covered altar of Cheibriados.
  5603 | D:5      | Reached skill level 7 in Short Blades
  5638 | D:5      | Noticed Prince Ribbit
  5658 | D:5      | Killed Prince Ribbit
  5659 | D:5      | Reached XP level 9. HP: 56/74 MP: 8/8
  5745 | D:5      | Noticed a gargoyle
  5761 | D:5      | Killed a gargoyle
  5762 | D:5      | Reached skill level 8 in Short Blades
  5780 | D:5      | Found a glowing silver altar of Zin.
  6060 | D:6      | Reached skill level 9 in Short Blades
  6235 | D:6      | Reached **** piety under Trog
  7604 | D:6      | Reached skill level 10 in Short Blades
  8191 | D:7      | Found a staircase to the Ecumenical Temple.
  8227 | D:7      | Reached skill level 5 in Armour
  8453 | D:7      | Reached XP level 10. HP: 83/83 MP: 9/9
  8714 | D:8      | Found a glowing silver altar of Zin.
  8762 | D:8      | Reached ***** piety under Trog
  8928 | D:8      | Reached skill level 11 in Short Blades
  9100 | D:8      | Noticed a two-headed ogre
  9109 | D:8      | Killed a two-headed ogre
  9112 | D:8      | HP: 1/84 [two-headed ogre/+0 giant spiked club (30)]
  9363 | D:8      | HP: 5/126 [two-headed ogre/+0 giant spiked club (13)]
  9367 | D:8      | Killed a two-headed ogre
  9619 | D:8      | Found a hazy altar of Hepliaklqana.
  9916 | D:9      | Reached skill level 12 in Short Blades
  9931 | D:9      | Noticed Psyche
  9938 | D:9      | Noticed a death yak
  9959 | D:9      | Noticed a death yak
  9959 | D:9      | Noticed a death yak
  9959 | D:9      | Noticed a death yak
  9978 | D:8      | Killed Psyche
 10048 | D:9      | Noticed a death yak
 10049 | D:9      | Noticed a death yak
 10294 | D:8      | Killed a death yak
 10454 | D:9      | Reached skill level 13 in Short Blades
 10473 | D:10     | Entered Level 10 of the Dungeon
 10551 | D:10     | Noticed Erica
 10582 | D:10     | Killed Erica
 10582 | D:10     | Received a gift from Trog
 10583 | D:10     | Reached XP level 11. HP: 38/95 MP: 10/10
 10597 | D:10     | Noticed a two-headed ogre
 10666 | D:10     | Demolished by a two-headed ogre

Illustrated notes

Levels and vault maps discovered:
D:1:      dpeg_arrival_long_road, layout_basic, basic_ecumenical_altar,
          minmay_pentomino_v4
D:2:      layout_loops_ring, nicolae_elevator_lobby_asterisk
D:3:      layout_loops_ring, minmay_misc_feat_diagonals, minivault_5
D:4:      layout_basic, elyvilon_altar_4, kennysheep_cross_room,
          hangedman_feature_mirror
D:5:      minmay_chambers_of_threes, layout_basic, cheibriados_altar_1,
          gammafunk_ghost_necromancy, hangedman_feature_mirror,
          uniq_prince_ribbit1, uniq_duvessa
D:6:      minmay_goblin_kobold_castle, layout_gridville
D:7:      layout_cave_pools, temple_statues, minmay_misc_feat_square
D:8:      layout_basic, mainiacjoe_overflow_chevrons,
          mainiacjoe_overflow_surrounded_room
D:9:      layout_cave_pools, dpeg_lair_monsters, the_hattery, uniq_psyche
D:10:     layout_basic, jmf_multi_god_temple2, erik_orc_2, enter_trove_0,
          uniq_erica, uniq_nergalle

Skill      XL: |  1  2  3  4  5  6  7  8  9 10 |
---------------+-------------------------------+-----
Axes           | 4 5 6 7 8 9 10 11 | 11.5
Short Blades   | 1 4 7 10 13 | 13.1
Fighting       | 4 5 8 |  8.7
Armour         | 5 |  5.0
Dodging        | |  2.8

Action                   |  1- 3 |  4- 6 |  7- 9 | 10-12 || total
-------------------------+-------+-------+-------+-------++-------
Melee: Hand axe          |    55 |    82 |       |       ||   137
       Headbutt          |    12 |    20 |    50 |    21 ||   103
       Short sword       |       |    22 |   324 |   192 ||   538
       Punch             |       |       |     1 |     1 ||     2
Invok: Trog's Hand       |     1 |     2 |     4 |     4 ||    11
       Berserk           |       |     3 |       |     2 ||     5
       Brothers in Arms  |       |       |       |     2 ||     2
 Stab: Paralysed         |       |     1 |       |       ||     1
Armor: Scale mail        |     9 |    23 |       |       ||    32
       Plate armour      |       |     7 |   118 |    80 ||   205
Dodge: Dodged            |    41 |    58 |   105 |    62 ||   266
